 Dungeon Crawl Stone Soup version 0.26.0-11-g8f856b5395 (webtiles) character file.

Game seed: 7774259164344830874

32773 Kejsarherre the Carver (level 14, -4/106 HPs)
             Began as a Formicid Fighter on Jan 15, 2021.
             Was a High Priest of Cheibriados.
             Killed from afar by a wizard (33 damage)
             ... with a fireball
             ... on level 13 of the Dungeon.
             The game lasted 00:52:05 (16830 turns).

Kejsarherre the Carver (Formicid Fighter)          Turns: 16830, Time: 00:52:05

Health: -4/106     AC: 17    Str: 37    XL:     14   Next: 4%
Magic:  23/23      EV:  9    Int: 29    God:    Cheibriados [*****.]
Gold:   819        SH: 15    Dex: 30    Spells: 20/25 levels left

rFire    . . .     SeeInvis +   x - +3 great sword
rCold    . . .     Faith    +   c - +0 kite shield
rNeg     . . .     Spirit   .   H - +2 chain mail {Will+}
rPois    +         Reflect  .   (helmet unavailable)
rElec    .         Harm     .   (no cloak)
rCorr    .         Rampage  .   d - +0 pair of gloves
Will     ++...                  (no boots)
Stlth    ..........             a - amulet of faith (curse)
HPRegen  0.27/turn              i - ring of poison resistance
MPRegen  0.18/turn              F - +6 ring of dexterity

@: studying Shields, very slow
A: permanent stasis, dig shafts and tunnels, four strong arms, antennae 3, thin
metallic scales 1, clever 2
a: Dig, Shaft Self, Renounce Religion, Bend Time, Temporal Distortion, Slouch,
Step From Time


You were on level 13 of the Dungeon.
You worshipped Cheibriados.
Cheibriados was extremely pleased with you.
You visited 1 branch of the dungeon, and saw 13 of its levels.
You also visited: Ossuary.

You collected 819 gold pieces.

Inventory:

Hand Weapons
 u - a +2 scimitar of flaming
 x - a +3 great sword (weapon)
Armour
 c - a +0 kite shield (worn)
 d - a +0 pair of gloves (worn)
 H - a +2 chain mail of willpower (worn)
Jewellery
 a - a cursed amulet of faith (around neck)
 b - an uncursed ring of protection from fire
 i - a ring of poison resistance (left hand)
 z - an uncursed ring of willpower
 A - an uncursed amulet of magic regeneration {unknown}
 F - a +6 ring of dexterity (right hand)
 M - a +6 ring of intelligence
Wands
 B - a wand of flame (7)
 G - a wand of digging (7)
 J - a wand of disintegration (18)
 L - a wand of polymorph (9)
Scrolls
 h - 2 scrolls of enchant armour
 k - a scroll of identify
 l - 15 scrolls of remove curse
 o - 3 scrolls of fear
 p - 2 scrolls of fog
 y - a scroll of enchant weapon
 C - 2 scrolls of amnesia
 K - a scroll of brand weapon {unknown}
Potions
 e - 2 potions of brilliance
 f - a potion of lignification
 g - 3 potions of mutation
 j - a potion of invisibility
 m - 3 potions of attraction
 q - 2 potions of flight
 r - 4 potions of curing
 s - 2 potions of might
 t - 3 potions of magic
 v - 3 potions of haste
 w - a potion of heal wounds
 D - a potion of resistance
 I - a potion of cancellation {unknown}
Books
 n - a manual of Shields


   Skills:
 - Level 8.4 Fighting
 - Level 12.3 Long Blades
 + Level 11.1 Armour
 - Level 9.0 Shields
 - Level 6.0 Spellcasting
 - Level 5.0 Conjurations
 + Level 9.0 Transmutations
 - Level 9.2 Invocations


You had 20 spell levels left.
You knew the following spells:

 Your Spells              Type           Power        Failure   Level
a - Irradiate             Conj/Tmut      24%          26%         5

Your spell library contained the following spells:

 Spells                   Type           Power        Failure   Level
 Magic Dart               Conj           100%         2%          1
 Searing Ray              Conj           74%          3%          2
 Ignite Poison            Fire/Tmut/Pois 26%          14%         3
 Animate Skeleton         Necr           16%          17%         1
 Apportation              Tloc           16%          17%         1
 Corona                   Hex            8%           17%         1
 Summon Small Mammal      Summ           32%          17%         1
 Dazzling Flash           Conj/Hex       46%          19%         3
 Ensorcelled Hibernation  Hex/Ice        16%          26%         2
 Sublimation of Blood     Necr           4%           26%         2
 Petrify                  Tmut/Erth      35%          26%         4
 Confusing Touch          Hex            8%           45%         3
 Tukima's Dance           Hex            8%           45%         3
 Fulminant Prism          Conj/Hex       11%          52%         4
 Iskenderun's Mystic Bla  Conj/Tloc      23%          52%         4
 Alistair's Intoxication  Tmut/Pois      23%          58%         5
 Agony                    Necr           8%           99%         5
 Summon Mana Viper        Hex/Summ       8%           99%         5
 Eringya's Noxious Bog    Tmut/Pois      17%          99%         6


Dungeon Overview and Level Annotations

Branches:
Dungeon (13/15)            Temple (0/1) D:6            Lair (0/6) D:8
    Orc (0/2) D:11         Vaults (0/5) D:13        Ossuary (visited)

Altars:
Cheibriados
Ru
Sif Muna
Trog
Xom
The Shining One
Beogh


Innate Abilities, Weirdness & Mutations

You cannot be hasted, slowed, berserked, paralysed or teleported.
You can dig through walls and to a lower floor.
Your four strong arms can wield two-handed weapons with a shield.
You have a pair of large antennae on your head. (SInv)
You are partially covered in thin metallic scales. (AC +2)
Your mind is very acute. (Int +4)


Message History

Press: ? - help, Shift-Dir - straight line, f - wizard
Aim: a wizard, wielding a +0 dagger and wearing a +0 robe (lightly wounded, chance to affect: 30%)
The wizard is blasted!!
The wizard mumbles some strange words.
The wizard blinks!
Evoke which item? (* to show all) (? for menu, Esc to quit)
Aiming: Throw Flame
Press: ? - help, Shift-Dir - straight line, f/p - wizard
Aim: a wizard, wielding a +0 dagger and wearing a +0 robe (severely wounded, 44% to evade)
The puff of flame hits the wizard.
The wizard is severely wounded.
Evoke which item? (* to show all) (? for menu, Esc to quit)
Aiming: Throw Flame
Press: ? - help, Shift-Dir - straight line, f/p - wizard
Aim: a wizard, wielding a +0 dagger and wearing a +0 robe (severely wounded, 44% to evade)
The puff of flame hits the wizard.
The wizard is almost dead.
The wizard casts a spell at you.
The fireball explodes!
The fireball engulfs you!!
You die...

*..* ##.######## *,,,,, *#^*
######....?###*** **+****
###.####.............,,* *,,,,,,
.......#.#############,* *,,,,,,
.......#.#(!...#.....#,* *,,,,,,
.......#.#?...?†....[#,* *,,,,,,
..)...)#)#..∩..)..⌠..#,* *>,,,,,
.......#)#$....†...p.#,* *,,,,,,
.......).#([...#@....#,** *,,,,,,
.......#.########'÷)##,,***,,,,,,
><.....#.#(....#....(#,,,**,,,,,,
.......#.#.....'..)..#,*,,+,,,,,,
##.#####.#..⌠..)..⌠..#,****,,,,,,
#.,,* #.#....÷'....(#,* *,,,,,,
#**,* #.#.....#...|.#,* ***+***
*,* #†##'''########,* *,,*
****+**#...........,,,,* ***+****


You could see a wizard.

Vanquished Creatures
  Azrael (D:13)
  Josephine (D:11)
  A hydra (D:11)
  A vault guard (D:13)
  The ghost of qipq the Martial Artist, a journeyman OpFi of Gozag (D:11)
  A centaur warrior (D:13)
  4 two-headed ogres
  Urug (D:10)
  Sonja (D:11)
  2 unseen horrors (D:11)
  3 necromancers (D:13)
  An ugly thing (D:12)
  A manticore (D:11)
  The ghost of Tagedieb the Covert, a novice OpBr of Wu Jian (D:6)
  A cyclops (D:12)
  Joseph (D:9)
  Psyche (D:7)
  4 gargoyles
  A kobold demonologist (D:11)
  2 trolls
  A tarantella (shapeshifter) (D:13)
  A wyvern (D:9)
  6 wraiths
  19 humans (D:13)
  18 yaks
  4 fire elementals (D:13)
  A steam dragon (D:11)
  3 neqoxecs (D:11)
  A soldier ant (D:12)
  2 acid dragons (D:11)
  Menkaure (D:5)
  2 hell hounds (D:13)
  A water moccasin (D:11)
  3 black bears
  13 orc warriors
  5 ice beasts
  5 phantoms
  7 sky beasts
  4 ogres
  A necrophage (D:10)
  10 centaurs
  A big kobold (D:11)
  14 bullfrogs
  3 gnoll sergeants (D:8)
  12 scorpions
  A water moccasin skeleton (D:6)
  16 wights
  2 howler monkeys
  3 electric eels
  A bullfrog zombie (D:9)
  A centaur zombie (Ossuary)
  3 quasits (D:11)
  4 jellies
  11 hounds
  2 human zombies (Ossuary)
  8 orc wizards
  3 gnoll shamans (D:8)
  11 orc priests
  A bullfrog skeleton (D:11)
  4 centaur skeletons
  3 iguanas
  8 worker ants
  2 big kobold zombies (Ossuary)
  3 mummies (Ossuary)
  A worker ant zombie (D:5)
  A howler monkey skeleton (D:11)
  40 gnolls
  14 adders
  5 scorpion zombies (Ossuary)
  2 shadow imps
  A white imp (D:5)
  An ufetubus (D:7)
  2 worm zombies (D:8)
  4 worms
  10 dart slugs
  6 leopard geckos
  67 orcs
  8 giant cockroaches
  2 gnoll zombies (Ossuary)
  7 goblins
  10 hobgoblins
  9 jackals (D:8)
  6 quokkas
  3 ball pythons
  5 bats
  3 frilled lizards
  4 goblin zombies (Ossuary)
  A hobgoblin zombie (Ossuary)
  4 kobolds
  2 kobold zombies (Ossuary)
  A leopard gecko zombie (D:5)
  10 rats
  A butterfly (D:6)
485 creatures vanquished.

Vanquished Creatures (others)
  A fire elemental (D:13)
  A human (D:13)
  A howler monkey (D:11)
  5 fungi (D:8)
  6 plants (D:8)
14 creatures vanquished.

Grand Total: 499 creatures vanquished

Notes
Turn   | Place    | Note
-------+----------+-------------------------------------------
     0 | D:1      | Kejsarherre the Formicid Fighter began the quest for the
                  | Orb.
     0 | D:1      | Reached XP level 1. HP: 18/18 MP: 1/1
   166 | D:1      | Reached XP level 2. HP: 24/24 MP: 2/2
   563 | D:2      | Reached XP level 3. HP: 29/29 MP: 3/3
   772 | D:2      | Reached XP level 4. HP: 35/37 MP: 4/4
   774 | D:2      | Found a glowing golden altar of the Shining One.
  1025 | D:2      | Found a faded altar of an unknown god.
  1042 | D:2      | Became a worshipper of Cheibriados the Contemplative
  1042 | D:2      | Reached * piety under Cheibriados
  1252 | D:2      | Reached skill level 5 in Shields
  1714 | D:3      | Reached XP level 5. HP: 38/42 MP: 5/5
  1866 | D:3      | Reached skill level 3 in Long Blades
  2005 | D:3      | Reached ** piety under Cheibriados
  2461 | D:4      | Noticed a phantom
  3149 | D:4      | Reached XP level 6. HP: 44/49 MP: 6/6
  3228 | D:4      | Noticed a phantom
  3255 | D:4      | Killed a phantom
  3256 | D:4      | Reached skill level 4 in Long Blades
  3475 | D:4      | Killed a phantom
  3476 | D:4      | Reached XP level 7. HP: 30/55 MP: 7/7
  3806 | D:5      | Entered Level 5 of the Dungeon
  4473 | D:5      | Reached *** piety under Cheibriados
  4504 | D:5      | Noticed Menkaure
  4579 | D:5      | Killed Menkaure
  4580 | D:5      | Reached XP level 8. HP: 41/61 MP: 8/8
  5187 | D:5      | Reached skill level 5 in Fighting
  5572 | D:5      | Found a shimmering altar of Xom.
  5963 | D:7      | Reached skill level 5 in Long Blades
  6144 | D:6      | Learned a level 5 spell: Irradiate
  6175 | D:6      | Reached skill level 6 in Long Blades
  6188 | D:6      | Reached XP level 9. HP: 48/69 MP: 9/9
  6264 | D:6      | Reached skill level 7 in Long Blades
  6434 | D:6      | Reached **** piety under Cheibriados
  6784 | D:6      | Found a runed translucent door.
  6784 | D:6      | Noticed Tagedieb's ghost (novice OpBr)
  6833 | D:6      | Reached skill level 8 in Long Blades
  6963 | D:6      | Found a staircase to the Ecumenical Temple.
  7054 | D:6      | Found a runed translucent door.
  7228 | D:6      | Reached skill level 9 in Long Blades
  7620 | D:7      | Reached ***** piety under Cheibriados
  8045 | D:7      | Found a bloodstained altar of Trog.
  8058 | D:7      | Reached skill level 10 in Long Blades
  8152 | D:7      | Reached XP level 10. HP: 67/76 MP: 10/10
  8639 | D:7      | Found a shimmering blue altar of Sif Muna.
  8683 | D:7      | Found a sacrificial altar of Ru.
  8683 | D:7      | Identified the Catalogue of Bewitchment and Evil Rituals
  8868 | D:8      | Found a sand-covered staircase.
  8885 | Ossuary  | Entered an ossuary
  9158 | Ossuary  | Reached skill level 11 in Long Blades
  9251 | D:8      | Found a staircase to the Lair.
  9316 | D:8      | Noticed Psyche
  9331 | D:7      | Killed Psyche
  9332 | D:7      | Reached skill level 5 in Armour
  9534 | D:8      | Found a roughly hewn altar of Beogh.
  9543 | D:8      | Reached ****** piety under Cheibriados
 10248 | D:8      | Reached XP level 11. HP: 85/85 MP: 11/11
 10759 | D:9      | Noticed Joseph
 10771 | D:9      | Killed Joseph
 10772 | D:9      | Reached skill level 12 in Long Blades
 11210 | D:9      | Identified a scroll of acquirement
 11210 | D:9      | Acquired a manual of Shields
 11213 | D:10     | Entered Level 10 of the Dungeon
 11437 | D:10     | Noticed Urug
 11448 | D:10     | Killed Urug
 11760 | D:10     | Noticed a two-headed ogre
 11765 | D:10     | Killed a two-headed ogre
 11766 | D:10     | Reached skill level 5 in Invocations
 12010 | D:10     | Noticed a two-headed ogre
 12014 | D:10     | Killed a two-headed ogre
 12982 | D:11     | Found a transporter.
 12985 | D:11     | Noticed qipq's ghost (journeyman OpFi)
 12985 | D:11     | Noticed an unseen horror
 12988 | D:11     | Killed an unseen horror
 12989 | D:11     | Reached XP level 12. HP: 94/94 MP: 18/18
 13014 | D:11     | Found a transporter.
 13110 | D:11     | Reached skill level 1 in Spellcasting
 13110 | D:11     | Reached skill level 1 in Conjurations
 13110 | D:11     | Reached skill level 1 in Transmutations
 13347 | D:11     | Noticed a four-headed hydra
 13353 | D:11     | Killed a five-headed hydra
 13599 | D:11     | Noticed Josephine
 13608 | D:11     | Killed Josephine
 13741 | D:11     | Noticed Sonja
 13741 | D:11     | Noticed an unseen horror
 13746 | D:11     | Killed Sonja
 13749 | D:11     | Killed an unseen horror
 14173 | D:11     | Found a staircase to the Orcish Mines.
 14174 | D:11     | Found a roughly hewn altar of Beogh.
 14352 | D:11     | Noticed a two-headed ogre
 14354 | D:11     | Killed a two-headed ogre
 14672 | D:11     | Reached skill level 5 in Transmutations
 14672 | D:11     | Reached XP level 13. HP: 91/99 MP: 19/19
 14906 | D:6      | Killed Tagedieb's ghost
 15057 | D:11     | Reached skill level 5 in Spellcasting
 15060 | D:11     | Killed qipq's ghost
 15303 | D:12     | Reached skill level 5 in Conjurations
 15633 | D:12     | Gained mutation: You are partially covered in thin metallic
                  | scales. (AC +2) [potion of mutation]
 15633 | D:12     | Gained mutation: Your mind is acute. (Int +2) [potion of
                  | mutation]
 15633 | D:12     | Gained mutation: Your mind is very acute. (Int +4) [potion
                  | of mutation]
 16032 | D:13     | Noticed a centaur warrior
 16038 | D:13     | Killed a centaur warrior
 16264 | D:13     | Reached skill level 10 in Armour
 16268 | D:13     | Noticed Azrael
 16287 | D:13     | Killed Azrael
 16804 | D:13     | Found a gate to the Vaults.
 16804 | D:13     | Noticed a vault guard
 16817 | D:13     | Reached XP level 14. HP: 84/106 MP: 23/23
 16824 | D:13     | HP: 5/106 [human collision (15)]
 16830 | D:13     | Killed from afar by a wizard

Illustrated notes

Levels and vault maps discovered:
D:1:      amcnicky_arrival_abandoned_market, layout_basic
D:2:      layout_basic, chequers_ecumenical_altar_simple, tso_metal_star
D:3:      layout_loops_corners
D:4:      layout_basic, nrook_uturn
D:5:      layout_loops_cross, tgw_xom, uniq_menkaure
D:6:      kennysheep_slugbush, layout_rooms, minmay_temple_entry_butterflies,
          ebering_ghost_sewer_f
D:7:      black_bear_nest_1, layout_loops_cross, tgw_sif,
          general_overflow_altar, lemuel_coloured_pillars_altar
D:8:      layout_cave_pools, grunt_lair_entry_orc_guard_hut, enter_ossuary_3,
          special_room [special_room_orc], serial_gnoll_camp,
          gnoll_camp_mini_loothouse, gnoll_camp_huts_moat, gnoll_camp_medium_02,
          gnoll_camp_mini_basic, minmay_holes, uniq_psyche
D:9:      layout_loops_ring, uniq_joseph
D:10:     layout_cave_pods, uniq_urug
D:11:     minmay_thinvault, layout_irregular_city, david_orc_5,
          gammafunk_ghost_stat_death, uniq_josephine, uniq_sonja
D:12:     layout_roguey, chequers_serial_rivers_micro_e
D:13:     layout_roguey [special_room_bee], grunt_vaults_entry_tiered,
          gauntlet_entry_generic, uniq_azrael

Skill      XL: |  1  2  3  4  5  6  7  8  9 10 11 12 13 14 |
---------------+-------------------------------------------+-----
Shields        | 4 5 7 9 |  9.0
Fighting       | 4 6 7 8 |  8.4
Long Blades    | 3 4 6 10 11 12 | 12.3
Armour         | 5 6 8 11 | 11.1
Invocations    | 9 |  9.2
Spellcasting   | 4 6 |  6.0
Conjurations   | 4 5 |  5.0
Transmutations | 5 8 9 |  9.0

Action                   |  1- 3 |  4- 6 |  7- 9 | 10-12 | 13-15 || total
-------------------------+-------+-------+-------+-------+-------++-------
Melee: Long sword        |    81 |   174 |   371 |       |       ||   626
       Great sword       |       |       |     9 |   639 |   208 ||   856
Invok: Slouch            |       |       |       |     5 |     7 ||    12
 Abil: Dig               |       |     1 |       |     3 |       ||     4
Evoke: Wand              |       |       |     5 |     5 |     4 ||    14
  Use: Scroll            |     3 |     4 |     6 |     9 |     2 ||    24
       Potion            |       |     1 |     3 |       |     4 ||     8
Armor: Scale mail        |    25 |    56 |    83 |    59 |       ||   223
       Skin              |       |     1 |     2 |       |       ||     3
       Chain mail        |       |       |       |   123 |   100 ||   223
Dodge: Dodged            |    26 |    46 |   108 |   190 |    55 ||   425
Block: Kite shield       |    52 |    98 |   266 |   586 |   150 ||  1152
       Rpst.: Long sword |     5 |    13 |    31 |       |       ||    49
       Great sword       |       |       |     5 |    40 |    20 ||    65
